 Dungeon Crawl Stone Soup version 0.28-a0-1429-gf3d713df7a (webtiles) character file.

Game seed: 16115953235488071428

1101 Deminshera the Grasshopper (level 8, -5/62 HPs)
             Began as a Demonspawn Warper on Jan 8, 2022.
             Was an Initiate of Ashenzari.
             Succumbed to Edmund's poison
             ... on level 5 of the Dungeon.
             The game lasted 00:06:28 (9087 turns).

Deminshera the Grasshopper (Demonspawn Warper)      Turns: 9087, Time: 00:06:29

Health: -5/62      AC:  6    Str: 12    XL:     8   Next: 10%
Magic:  3/20       EV: 11    Int: 17    God:    Ashenzari [......]
Gold:   248        SH:  0    Dex: 12    Spells: 3/11 levels left

rFire   . . .      SeeInvis .   a - +0 falchion
rCold   + . .      Faith    .   (no shield)
rNeg    . . .      Spirit   +   A - +0 leather armour {rC+}
rPois   .          Reflect  .   (helmet restricted)
rElec   .          Harm     .   (no cloak)
rCorr   .          Rampage  .   (no gloves)
Will    .....                   o - +0 pair of boots
Stlth   +.........              r - amulet of guardian spirit
HPRegen 0.20/turn               h - ring of magical power
MPRegen 0.17/turn               x - +4 ring of slaying

@: mighty, lethally poisoned (-5 -> -36), flying, very slightly contaminated,
invisible
A: horns 1, icy blue scales 1
a: Renounce Religion


You were on level 5 of the Dungeon.
You worshipped Ashenzari.
Ashenzari was noncommittal.
You visited 2 branches of the dungeon, and saw 6 of its levels.

You collected 248 gold pieces.

Inventory:

Hand Weapons
 a - a +0 falchion (weapon)
Missiles
 d - 5 boomerangs of dispersal (quivered)
 t - 3 boomerangs
Armour
 e - a +0 helmet
 o - a +0 pair of boots (worn)
 A - a +0 leather armour of cold resistance (worn)
Jewellery
 h - a ring of magical power (left hand)
 k - a ring of flight
 r - an amulet of guardian spirit (around neck)
 v - a ring of positive energy
 x - a +4 ring of slaying (right hand)
Wands
 p - a wand of iceblast (22)
Scrolls
 b - 2 scrolls of enchant armour {unknown}
 c - 2 scrolls of blinking
 g - 2 scrolls of vulnerability {unknown}
 j - a scroll of amnesia {unknown}
 m - 6 scrolls of identify {unknown}
 n - a scroll of fear {unknown}
 s - a scroll of fog {unknown}
 u - a scroll of immolation {unknown}
 y - a scroll of noise {unknown}
Potions
 i - a potion of flight
 l - a potion of lignification
 q - a potion of invisibility
 w - a potion of resistance {unknown}
 z - a potion of degeneration {unknown}


   Skills:
 - Level 5.0 Fighting
 - Level 5.0 Long Blades
 - Level 0.8 Throwing
 - Level 0.8 Armour
 - Level 1.7 Dodging
 - Level 2.0 Spellcasting
 + Level 6.6 Translocations


You had 3 spell levels left.
You knew the following spells:

 Your Spells              Type           Power      Damage    Failure   Level
a - Lesser Beckoning      Tloc           24%        N/A       4%          3
b - Manifold Assault      Tloc           24%        N/A       41%         5

Your spell library contained the following spells:

 Spells                   Type           Power      Damage    Failure   Level
 Blink                    Tloc           48%        N/A       2%          2
 Gell's Gravitas          Tloc           24%        N/A       4%          3
 Teleport Other           Tloc           24%        N/A       4%          3
 Sandblast                Erth           2%         2d4       24%         1
 Passwall                 Tmut/Erth      0%         N/A       36%         2
 Stone Arrow              Conj/Erth      2%         3d7       58%         3


Dungeon Overview and Level Annotations

Branches:
Dungeon (5/15)             Temple (1/1) D:5

Altars:
Ashenzari
Cheibriados
Dithmenos
Elyvilon
Fedhas
Gozag
Kikubaaqudgha
Nemelex Xobeh
Qazlal
Ru
Sif Muna
Trog
Uskayaw
Vehumet
Wu Jian
Xom
Yredelemnul
Zin
The Shining One

Annotations:
D:5 Edmund


Innate Abilities, Weirdness & Mutations

You have a pair of small horns on your head.
You are partially covered in icy blue scales. (AC +2)


Message History

You feel very sick. Edmund misses you.
You closely miss Edmund. Your headbutt misses Edmund. You punch Edmund.
Edmund is heavily wounded.
You feel sick.
Edmund asks, "Have you met my wondrous brother?"
Edmund hits you with a +3 flail of venom.
You are more poisoned.
You slash Edmund!
Edmund is severely wounded.
You feel very sick.
Edmund hits you with a +3 flail of venom.
You are more poisoned.
You barely miss Edmund. You headbutt Edmund, but do no damage.
Edmund is severely wounded.
You feel very sick.
Edmund hits you with a +3 flail of venom!
You are lethally poisoned!
Edmund hits you but does no damage.
You are more poisoned.
It was a potion of flight.
You feel very buoyant.
You fly up into the air.
* * * LOW HITPOINT WARNING * * *
You feel extremely sick. Edmund completely misses you.
It was a potion of might.
You feel very mighty all of a sudden.
* * * LOW HITPOINT WARNING * * *
You feel extremely sick. Edmund barely misses you.
It was a potion of invisibility.
You fade into invisibility!
* * * LOW HITPOINT WARNING * * *
You feel very sick.
Edmund hits you with a +3 flail of venom.
You are more poisoned.
You barely miss Edmund. You headbutt Edmund!
Edmund is almost dead.
You die...

.# ..## #. ..#####.
#.. ...#.... #.#
....... #..# #....#
#..####..# #........#
#.@@.....#
#..###....## #.
###....### #.
###.......>### ####
####............###...
...........#.....#...
...........###......≈
...........# ###...§§
########...# #..#§≈


You could see Edmund.

Vanquished Creatures
  Grinder (D:5)
  A sky beast (D:5)
  A black bear (D:4)
  An ogre (D:4)
  A phantom (D:4)
  A scorpion (D:2)
  A jelly (D:5)
  An orc priest (D:4)
  A centaur skeleton (D:5)
  A hound (D:4)
  Ijyb (D:5)
  3 orc wizards
  An iguana (D:5)
  A hound skeleton (D:4)
  A howler monkey zombie (D:5)
  Robin (D:2)
  6 gnolls
  5 adders
  A shadow imp (D:5)
  An adder skeleton (D:3)
  2 worms
  4 dart slugs
  9 orcs
  6 endoplasms
  7 giant cockroaches
  15 goblins
  8 hobgoblins
  A jackal (D:3)
  4 quokkas
  11 ball pythons
  6 bats
  4 frilled lizards
  11 kobolds
  5 rats
124 creatures vanquished.

Notes
Turn   | Place    | Note
-------+----------+-------------------------------------------
     0 | D:1      | Deminshera the Demonspawn Warper began the quest for the
                  | Orb.
     0 | D:1      | Reached XP level 1. HP: 16/16 MP: 3/3
   990 | D:1      | Gained mutation: You have a pair of small horns on your
                  | head. [demonic ancestry]
   990 | D:1      | Reached XP level 2. HP: 6/22 MP: 5/5
  1310 | D:1      | Reached skill level 3 in Translocations
  2084 | D:2      | Reached XP level 3. HP: 26/28 MP: 6/6
  3261 | D:2      | Found a faded altar of an unknown god.
  3587 | D:2      | Reached XP level 4. HP: 29/35 MP: 7/7
  3676 | D:2      | Noticed Robin
  4141 | D:2      | Killed Robin
  4780 | D:3      | Learned a level 3 spell: Lesser Beckoning
  5624 | D:3      | Found a snail-covered altar of Cheibriados.
  5740 | D:3      | Reached XP level 5. HP: 38/41 MP: 8/8
  5835 | D:2      | HP: 3/61 [scorpion (2)]
  5841 | D:2      | HP: 3/61 [scorpion (1)]
  5842 | D:2      | HP: 1/61 [scorpion (2)]
  6141 | D:3      | Reached skill level 4 in Translocations
  6344 | D:4      | Noticed an ogre
  6355 | D:4      | Killed an ogre
  6356 | D:4      | Reached XP level 6. HP: 43/48 MP: 9/9
  7086 | D:4      | Reached XP level 7. HP: 40/55 MP: 10/10
  7615 | D:5      | Entered Level 5 of the Dungeon
  7640 | D:5      | Reached skill level 5 in Translocations
  7700 | D:5      | Reached skill level 5 in Fighting
  7908 | D:5      | Learned a level 5 spell: Manifold Assault
  8235 | D:5      | Noticed Ijyb
  8245 | D:5      | Killed Ijyb
  8246 | D:5      | Reached skill level 5 in Long Blades
  8323 | D:5      | Found a staircase to the Ecumenical Temple.
  8359 | Temple   | Entered the Ecumenical Temple
  8515 | Temple   | Became a worshipper of Ashenzari the Shackled
  8680 | D:5      | Noticed Grinder
  8699 | D:5      | Killed Grinder
  8700 | D:5      | Reached skill level 6 in Translocations
  8700 | D:5      | Gained mutation: You are partially covered in icy blue
                  | scales. (AC +2) [demonic ancestry]
  8700 | D:5      | Reached XP level 8. HP: 6/62 MP: 2/11
  9076 | D:5      | Noticed Edmund
  9086 | D:5      | HP: 3/62 [poisoned by Edmund]
  9087 | D:5      | Succumbed to Edmund's poison

Illustrated notes

Levels and vault maps discovered:
D:1:      heliophobic_arrival_enchanted_forest, layout_basic,
          kennysheep_decorative_pillar, hex_medium, fountainhead,
          grunt_decor_resistance
D:2:      layout_basic, shapermc_ecumenical_altar_ellora, kennysheep_donut,
          uniq_robin
D:3:      minmay_diamond_boxcup, layout_basic,
          mainiacjoe_overflow_surrounded_room, minmay_vboxes
D:4:      layout_rooms, serial_rivers, chequers_serial_rivers_room_a,
          chequers_serial_rivers_marsh, chequers_serial_rivers_large_a,
          chequers_serial_rivers_micro_e, chequers_serial_rivers_micro_e
D:5:      layout_layer_cave, minmay_temple_entry_mist, uniq_edmund, uniq_ijyb,
          uniq_grinder, uniq_duvessa
Temple:   nicolae_temple_no_exploring_needed

Skill      XL: |  1  2  3  4  5  6  7 |
---------------+----------------------+-----
Long Blades    | 2 3 4 5 |  5.0
Translocations | 3 4 6 |  6.6
Fighting       | 3 4 5 |  5.0
Throwing       | |  0.8
Armour         | |  0.8
Dodging        | |  1.7
Spellcasting   | |  2.0

Action                   |  1- 3 |  4- 6 |  7- 9 || total
-------------------------+-------+-------+-------++-------
Melee: Falchion          |   131 |   224 |    92 ||   447
       Headbutt          |    16 |    30 |    22 ||    68
       Punch             |       |     2 |     2 ||     4
 Cast: Lesser Beckoning  |       |     1 |       ||     1
       Manifold Assault  |       |       |     1 ||     1
  Use: Potion            |       |     1 |     3 ||     4
Armor: Leather armour    |    19 |       |    15 ||    34
       Ring mail         |    44 |   103 |    11 ||   158
       Skin              |       |    12 |       ||    12
Dodge: Dodged            |    70 |   149 |    46 ||   265

Table legend: (Time is in decaauts)
 A = Elapsed time spent in this place.
 B = Non-inter-level travel time spent in this place.
 C = Inter-level travel time spent in this place.
 D = Time resting spent in this place.
 E = Time spent auto-exploring this place.
 F = Levels seen in this place.
 G = Mean time per level.
                   A        B        C        D        E       F      G
               +--------+--------+--------+--------+--------+-----+--------+
         Total |   9170 |   9108 |     62 |   3660 |   4376 |   6 | 1528.3 |
       Dungeon |   9006 |   8950 |     56 |   3612 |   4276 |   5 | 1801.2 |
        Temple |    163 |    157 |      6 |     48 |    100 |   1 |  163.0 |
               +--------+--------+--------+--------+--------+-----+--------+

Top non-repeatable levels by time:
     D:2: 2844 daAuts
     D:1: 2087 daAuts
     D:3: 1681 daAuts
     D:5: 1315 daAuts
     D:4: 1077 daAuts
  Temple: 163 daAuts
